 Dungeon Crawl Stone Soup version 0.30-a0-439-g9e77e4d916 (webtiles) character file.

Game seed: 5183573022297455462

351 NinjaNoafa the Ducker (level 6, -5/48 HPs)
             Began as a Merfolk Gladiator on Dec 11, 2022.
             Slain by a gnoll
             ... wielding a +0 spear
              (7 damage)
             ... on level 5 of the Dungeon.
             The game lasted 00:05:41 (2713 turns).

NinjaNoafa the Ducker (Merfolk Gladiator)           Turns: 2713, Time: 00:05:42

Health: -5/48      AC:  4    Str: 15    XL:     6   Next: 61%
Magic:  6/6        EV: 14    Int:  7    God:
Gold:   199        SH:  5    Dex: 17    Spells: 5/5 levels left

rFire   . . .      SeeInvis .    a - +1 rapier
rCold   . . .      Faith    .    j - +0 buckler
rNeg    . . .      Spirit   .    b - +0 leather armour
rPois   .          Reflect  .    c - +0 helmet
rElec   .          Harm     .    (no cloak)
rCorr   .          Rampage  .    (no gloves)
Will    .....                    (no boots)
Stlth   +.........               (no amulet)
HPRegen 0.28/turn                (no ring)
MPRegen 0.10/turn                (no ring)

@: no status effects
A: (nimble swimmer 2), mertail
a: no special abilities


You were on level 5 of the Dungeon.
You visited 1 branch of the dungeon, and saw 5 of its levels.

You collected 199 gold pieces.

Inventory:

Hand Weapons
 a - a +1 rapier (weapon)
Missiles
 h - 60 stones (quivered)
 t - 2 atropa-tipped darts
Armour
 b - a +0 leather armour (worn)
 c - a +0 helmet (worn)
 j - a +0 buckler (worn)
Wands
 g - a wand of iceblast (9)
Scrolls
 k - 3 scrolls of teleportation
Potions
 f - a potion of might
 i - 2 potions of berserk rage
 l - a potion of magic
 m - a potion of haste {unknown}
 o - 3 potions of curing
 q - a potion of heal wounds {unknown}
 s - a potion of mutation {unknown}


   Skills:
 + Level 4.2 Fighting
 + Level 5.4 Short Blades
 - Level 2.0 Throwing
 + Level 5.9 Dodging
 + Level 2.6 Shields


You had 5 spell levels left.
You didn't know any spells.
Your spell library contained the following spells:

 Spells                   Type           Power      Damage    Failure   Level
 Gell's Gravitas          Tloc           0%         N/A       93%         3
 Ignite Poison            Fire/Tmut/Pois 0%         N/A       93%         3
 Teleport Other           Tloc           0%         N/A       93%         3
 Sticky Flame             Conj/Fire      0%         2d3       100%        4
 Dispersal                Tloc           0%         N/A       100%        6
 Ignition                 Fire           0%         3d3       100%        8


Dungeon Overview and Level Annotations

Branches:
Dungeon (5/15)             Temple (0/1) D:5

Altars:
Vehumet


Innate Abilities, Weirdness & Mutations

((You are very nimble when in or above water. (Stealth+, EV+, Speed+++)))
Your lower body shifts to a powerful aquatic tail in water.


Message History

You throw a javelin. The javelin closely misses the hound.
You block the hound's attack. The hound closely misses you.
Throw: 3 throwing nets
Press: ? - help, Q - select action, (/) - cycle Shift-Dir - straight line, f/p - hound
Aim: a hound (lightly wounded, 53% to hit)
You throw a throwing net. The throwing net hits the hound.
The hound is caught in the net!
The hound is lightly wounded.
The hound struggles against the net.
You puncture the hound!
The hound is heavily wounded.
The hound struggles against the net. x2
You barely miss the hound.
The hound is heavily wounded.
The hound struggles against the net.
The net rips apart, and the hound comes free!
A gnoll comes into view. It is wielding a +0 spear.
You closely miss the hound.
The hound is heavily wounded.
The hound bites you.
* * * LOW HITPOINT WARNING * * *
You block the hound's attack.
You closely miss the hound.
The hound is heavily wounded.
The hound bites you.
* * * LOW HITPOINT WARNING * * *
Throw: 2 throwing nets
Press: ? - help, Q - select action, (/) - cycle Shift-Dir - straight line, f/p - hound
Aim: a hound (heavily wounded, 53% to hit)
You throw a throwing net.
The throwing net barely misses the hound.
The hound bites you but does no damage. The hound barely misses you.
Throw: throwing net
Press: ? - help, Q - select action, (/) - cycle Shift-Dir - straight line, f/p - hound
Aim: a hound (heavily wounded, 53% to hit)
You throw a throwing net.
The throwing net closely misses the hound.
The hound barely misses you.
The gnoll hits you from afar with a +0 spear!
You die...

....... .....
........ ..... ....#
#...... #.#.. ......
.....##...## .......
.....#....#.
........##g.........
...................(
..#888####..@......#
..8...8.##†h##...###
....>.8...<## ..#
..8...8...$###. .#
..#888#......... #
....$..........#
...#..(......### #.
###......## #
........#


You could see a hound and a gnoll.

Vanquished Creatures
  A centaur (D:3)
  A howler monkey (D:5)
  A jelly (D:4)
  3 hounds
  3 adders
  2 worms
  A dart slug (D:1)
  4 orcs (D:3)
  6 endoplasms
  4 goblins
  9 hobgoblins
  12 jackals
  4 kobolds
  3 quokkas
  5 ball pythons
  5 bats
  4 frilled lizards
  7 rats
75 creatures vanquished.

Notes
Turn   | Place    | Note
-------+----------+-------------------------------------------
     0 | D:1      | NinjaNoafa the Merfolk Gladiator began the quest for the
                  | Orb.
     0 | D:1      | Reached XP level 1. HP: 16/16 MP: 1/1
   117 | D:1      | Reached XP level 2. HP: 22/23 MP: 2/2
   595 | D:2      | Reached XP level 3. HP: 24/28 MP: 3/3
  1133 | D:2      | Reached skill level 1 in Shields
  1302 | D:3      | Reached XP level 4. HP: 35/35 MP: 4/4
  1359 | D:3      | Noticed a centaur
  1378 | D:3      | Killed a centaur
  1379 | D:3      | Reached skill level 5 in Dodging
  1379 | D:3      | Reached XP level 5. HP: 23/41 MP: 5/5
  1868 | D:4      | Reached skill level 5 in Short Blades
  1890 | D:4      | Reached XP level 6. HP: 31/48 MP: 6/6
  2447 | D:4      | Found a radiant altar of Vehumet.
  2679 | D:5      | Entered Level 5 of the Dungeon
  2679 | D:5      | Found a staircase to the Ecumenical Temple.
  2711 | D:5      | HP: 2/48 [hound (4)]
  2713 | D:5      | Slain by a gnoll

Illustrated notes

Levels and vault maps discovered:
D:1:      mrwooster_arrival_statue, layout_rooms, chequers_jeans
D:2:      layout_loops_cross, eino_tiny_chamber
D:3:      layout_basic
D:4:      nicolae_cairo_tiling_large_dashed, layout_loops_ring,
          mainiacjoe_overflow_alcove_2, nicolae_underground_beach
D:5:      layout_cave_pools, minmay_temple_entry_statues, serial_gnoll_camp,
          gnoll_camp_mini_doghouse, gnoll_camp_huts_basic, gnoll_camp_mini_shop,
          gnoll_camp_mini_doghouse, gnoll_camp_mini_shop,
          nicolae_specific_store, uniq_blork_the_orc

Skill      XL: |  1  2  3  4  5  6 |
---------------+-------------------+-----
Short Blades   | 4 5 |  5.4
Fighting       | 3 4 |  4.2
Shields        | 1 2 |  2.6
Dodging        | 5 |  5.9
Throwing       | |  2.0

Action                   |  1- 3 |  4- 6 || total
-------------------------+-------+-------++-------
Melee: Rapier            |   116 |   143 ||   259
Throw: Throwing net      |       |     3 ||     3
       Javelin           |       |     1 ||     1
  Use: Scroll            |       |    11 ||    11
       Potion            |       |     1 ||     1
 Stab: Sleeping          |     2 |       ||     2
Armor: Leather armour    |    26 |    34 ||    60
Dodge: Dodged            |    68 |   148 ||   216
Block: Buckler           |    12 |    42 ||    54

Table legend: (Time is in decaauts)
 A = Elapsed time spent in this place.
 B = Non-inter-level travel time spent in this place.
 C = Inter-level travel time spent in this place.
 D = Time resting spent in this place.
 E = Time spent auto-exploring this place.
 F = Levels seen in this place.
 G = Mean time per level.
                   A        B        C        D        E       F      G
               +--------+--------+--------+--------+--------+-----+--------+
         Total |   2714 |   2578 |    136 |      0 |   1995 |   5 |  542.8 |
       Dungeon |   2714 |   2578 |    136 |      0 |   1995 |   5 |  542.8 |
               +--------+--------+--------+--------+--------+-----+--------+

Top non-repeatable levels by time:
     D:4: 882 daAuts
     D:2: 790 daAuts
     D:3: 504 daAuts
     D:1: 504 daAuts
     D:5: 34 daAuts
